 Dungeon Sprint DCSS version 0.29-a0-380-gf50f0a9fbc (webtiles) character file.

Game seed: 4710317800709454418

3789 mhtbhm the Severer (level 9, -8/91 HPs)
             Began as a Minotaur Fighter on May 6, 2022.
             Was an Initiate of Gozag.
             Mangled by an orc warrior
             ... wielding a +4 hand axe
             ... led by an orc knight
              (12 damage)
             ... in the Dungeon (Sprint VII: "The Pits").
             The game lasted 00:03:30 (1946 turns).

mhtbhm the Severer (Minotaur Fighter)               Turns: 1946, Time: 00:03:31

Health: -8/91      AC: 12    Str: 25    XL:     9   Next: 95%
Magic:  8/8        EV: 15    Int:  5    God:    Gozag
Gold:   2268       SH:  7    Dex: 13    Spells: 8/8 levels left

rFire   . . .      SeeInvis .   a - +2 war axe (freeze)
rCold   . . .      Faith    .   c - +0 buckler
rNeg    . . .      Spirit   .   b - +4 scale mail
rPois   .          Reflect  .   (helmet restricted)
rElec   .          Harm     .   s - +0 cloak
rCorr   .          Rampage  .   (no gloves)
Will    .....      NoTele   +   (no boots)
Stlth   ..........              (no amulet)
HPRegen 0.25/turn               p - +3 ring of dexterity
MPRegen 0.11/turn               q - +3 ring of evasion

@: gold aura
A: horns 2, retaliatory headbutt, deformed body
a: Renounce Religion, Potion Petition, Call Merchant, Bribe Branch


You were in the Dungeon.
You worshipped Gozag.
Gozag was most pleased with you.
You visited 1 branch You collected 2268 gold pieces.

Inventory:

Hand Weapons
 a - a +2 war axe of freezing (weapon)
Missiles
 o - 3 poisoned darts (quivered)
Armour
 b - a +4 scale mail (worn)
 c - a +0 buckler (worn)
 s - a +0 cloak (worn)
Jewellery
 p - a +3 ring of dexterity (left hand)
 q - a +3 ring of evasion (right hand)
Scrolls
 j - a scroll of blinking
 l - 5 scrolls of amnesia
 m - a scroll of summoning
Potions
 d - a potion of might
 e - 7 potions of curing
 f - 8 potions of heal wounds
 g - 2 potions of haste
 h - 4 potions of magic
 i - 4 potions of berserk rage
 k - 2 potions of invisibility
 n - a potion of mutation {unknown}
 r - 2 potions of brilliance


   Skills:
 + Level 12.5 Fighting
 + Level 15.7 Axes
 + Level 15.5 Armour
 + Level 4.2 Dodging
 + Level 1.5 Stealth
 + Level 11.8 Shields


You had 8 spell levels left.
You didn't know any spells.
Your spell library was empty.

Dungeon Overview and Level Annotations

Branches:
Dungeon (1/1)

Altars:
Ashenzari
Cheibriados
Dithmenos
Elyvilon
Fedhas
Gozag
Hepliaklqana
Kikubaaqudgha
Makhleb
Nemelex Xobeh
Okawaru
Qazlal
Ru
Sif Muna
Trog
Uskayaw
Vehumet
Wu Jian
Xom
Yredelemnul
Zin
The Shining One
Beogh
Jiyva
Lugonu


Innate Abilities, Weirdness & Mutations

You have a pair of horns on your head.
You reflexively headbutt those who attack you in melee.
Armour fits poorly on your strangely shaped body.


Message History

You hit the orc knight but do no damage.
The orc knight is no longer distracted by gold.
The orc knight is severely wounded.
You hit the orc warrior but do no damage.
The orc warrior hits you but does no damage.
The orc knight barely misses you. You furiously retaliate!
You headbutt the orc knight. You hit the orc knight. You freeze the orc knight.
You headbutt the orc knight.
The orc knight is almost dead.
You completely miss the orc warrior.
Unknown command.
You hit the orc knight. You freeze the orc knight.
You headbutt the orc knight, but do no damage.
The orc knight is almost dead.
You hit the orc warrior but do no damage.
The orc warrior closely misses you. You furiously retaliate!
You headbutt the orc warrior!
The orc knight hits you with a +0 great mace!!
* * * LOW HITPOINT WARNING * * *
Unknown command.
Unknown command.
Press: ? - help, v - describe, . - travel
Here: an orc knight, wielding a +0 great mace and wearing a +0 chain mail (almost dead)
The floor.
Unknown command.
You completely miss the orc knight.
The orc knight is almost dead.
You hit the orc warrior. You freeze the orc warrior.
The orc warrior completely misses you.
The orc knight hits you with a +0 great mace.
* * * LOW HITPOINT WARNING * * *
You slash the orc knight! You freeze the orc knight.
You kill the orc knight!
You hit the orc warrior. You freeze the orc warrior.
The orc warrior hits you with a +4 hand axe!
* * * LOW HITPOINT WARNING * * *
Your Dodging skill increases to level 4!
The orc warrior hits you with a +4 hand axe!
You die...
Your body crumbles into a pile of gold.

#++#########
#...@o......
#...$$......
#..#########
#..# #..#
#### #..#
#..# #..#
#..# #..#
'..# #..#


You could see an orc warrior (strong).

Vanquished Creatures
  An orc high priest (D)
  An orc knight (D)
  An orc sorcerer (D)
  A black mamba (D)
  A gargoyle (D)
  A snapping turtle (D)
  A jumping spider (D)
  2 fire bats (D)
  A basilisk (D)
  4 wargs (D)
  2 sky beasts (D)
  An orc warrior (D)
  A kobold brigand (D)
  A scorpion (D)
  A necrophage (D)
  A quasit (D)
  An orc priest (D)
  Terence (D)
  An adder (D)
  A gnoll (D)
  3 ufetubi (D)
  An adder zombie (D)
  A worm (D)
  4 orcs (D)
  A bat zombie (D)
  4 jackals (D)
  A bat simulacrum (D)
  A frilled lizard (D)
  A kobold (D)
42 creatures vanquished.

Notes
Turn   | Place    | Note
-------+----------+-------------------------------------------
     0 | D        | mhtbhm the Minotaur Fighter began the quest for the Orb.
     0 | D        | Reached XP level 1. HP: 19/19 MP: 0/0
    24 | D        | Found a bloodstained altar of Trog.
    24 | D        | Found a shimmering blue altar of Sif Muna.
    24 | D        | Found a viscous altar of Jiyva.
    24 | D        | Found a hazy altar of Hepliaklqana.
    24 | D        | Found an opulent altar of Gozag.
    25 | D        | Found a glowing golden altar of the Shining One.
    25 | D        | Found a glowing silver altar of Zin.
    25 | D        | Found a basalt altar of Yredelemnul.
    25 | D        | Found a shimmering altar of Xom.
    25 | D        | Found an ornate altar of the Wu Jian Council.
    25 | D        | Found a sacrificial altar of Ru.
    25 | D        | Found a stormy altar of Qazlal.
    25 | D        | Found an iron altar of Okawaru.
    25 | D        | Found a sparkling altar of Nemelex Xobeh.
    25 | D        | Found a burning altar of Makhleb.
    25 | D        | Found a blossoming altar of Fedhas.
    25 | D        | Found a white marble altar of Elyvilon.
    25 | D        | Found a shadowy altar of Dithmenos.
    25 | D        | Found a snail-covered altar of Cheibriados.
    27 | D        | Found a radiant altar of Vehumet.
    27 | D        | Found a corrupted altar of Lugonu.
    28 | D        | Found a hide-covered altar of Uskayaw.
    28 | D        | Found an ancient bone altar of Kikubaaqudgha.
    28 | D        | Found a broken altar of Ashenzari.
    32 | D        | Became a worshipper of Gozag Ym Sagoz the Greedy
    81 | D        | Reached XP level 2. HP: 24/28 MP: 1/1
   125 | D        | Reached skill level 5 in Fighting
   125 | D        | Reached skill level 5 in Armour
   128 | D        | Reached skill level 5 in Shields
   221 | D        | Reached XP level 3. HP: 27/36 MP: 2/2
   357 | D        | Noticed a scorpion
   364 | D        | Killed a scorpion
   365 | D        | Reached XP level 4. HP: 42/45 MP: 3/3
   386 | D        | Noticed a sky beast
   387 | D        | Noticed Terence
   387 | D        | Noticed a fire bat
   394 | D        | Killed a sky beast
   395 | D        | Reached skill level 1 in Dodging
   395 | D        | Reached XP level 5. HP: 28/52 MP: 4/4
   402 | D        | Killed Terence
   403 | D        | Killed a fire bat
   404 | D        | Reached XP level 6. HP: 27/62 MP: 5/5
   580 | D        | Noticed a sky beast
   582 | D        | Noticed a fire bat
   593 | D        | Killed a sky beast
   594 | D        | Reached skill level 10 in Armour
   602 | D        | Killed a fire bat
   603 | D        | Reached XP level 7. HP: 16/70 MP: 6/6
   873 | D        | Noticed a gargoyle
   890 | D        | Killed a gargoyle
   891 | D        | Reached skill level 10 in Fighting
  1032 | D        | Reached XP level 8. HP: 72/79 MP: 7/7
  1064 | D        | Noticed a snapping turtle
  1064 | D        | Noticed a jumping spider
  1084 | D        | Reached skill level 10 in Shields
  1093 | D        | Killed a snapping turtle
  1421 | D        | Killed a jumping spider
  1477 | D        | Noticed a boulder beetle
  1649 | D        | Noticed an orc sorcerer
  1650 | D        | Noticed an orc high priest
  1651 | D        | Noticed a black mamba
  1655 | D        | Noticed an ice devil
  1656 | D        | Killed a black mamba
  1657 | D        | Reached skill level 1 in Stealth
  1657 | D        | Reached XP level 9. HP: 55/89 MP: 8/8
  1659 | D        | Killed an orc sorcerer
  1671 | D        | Noticed an ice devil
  1673 | D        | Gained mutation: Armour fits poorly on your strangely
                  | shaped body. [a neqoxec]
  1676 | D        | Killed an orc high priest
  1677 | D        | Reached skill level 15 in Armour
  1681 | D        | Reached skill level 15 in Axes
  1927 | D        | Noticed an orc knight
  1945 | D        | Killed an orc knight
  1945 | D        | HP: 4/90 [orc warrior/+4 hand axe[an orc knight] (17)]
  1946 | D        | Mangled by an orc warrior

Illustrated notes

Levels and vault maps discovered:
D:        pitsprint [storerooms_1, entrance_room_1, metal_vault_5, armoury_3,
          mini_pit_1, grid_room_1, main_hall_1, silver_pit, the_coven_3,
          the_vestibule_1, steel_vault_4, golden_pit, hallway_of_sentries,
          crystal_vault_6, iron_vault_1, final_vault]

Skill      XL: |  1  2  3  4  5  6  7  8  9 |
---------------+----------------------------+-----
Fighting       | 4 5 6 7 8 9 10 11 12 | 12.5
Armour         | 4 5 6 8 9 10 12 14 15 | 15.5
Shields        | 4 5 6 7 8 9 10 11 | 11.8
Axes           | 3 4 6 8 9 11 13 15 | 15.7
Dodging        | 1 2 3 4 |  4.2
Stealth        | 1 |  1.5

Action                   |  1- 3 |  4- 6 |  7- 9 || total
-------------------------+-------+-------+-------++-------
Melee: Hand axe          |    27 |    28 |    62 ||   117
       War axe           |     7 |       |    54 ||    61
       Headbutt          |     3 |     3 |    28 ||    34
  Use: Potion            |       |     1 |     2 ||     3
 Stab: Distracted        |       |       |     1 ||     1
Armor: Scale mail        |    26 |       |    16 ||    42
       Plate armour      |     2 |    28 |    36 ||    66
Dodge: Dodged            |    27 |     8 |    52 ||    87
Block: Buckler           |     7 |    11 |    25 ||    43

Table legend: (Time is in decaauts)
 A = Elapsed time spent in this place.
 B = Non-inter-level travel time spent in this place.
 C = Inter-level travel time spent in this place.
 D = Time resting spent in this place.
 E = Time spent auto-exploring this place.
 F = Levels seen in this place.
 G = Mean time per level.
                   A        B        C        D        E       F      G
               +--------+--------+--------+--------+--------+-----+--------+
         Total |   1928 |   1928 |      0 |   1328 |     27 |   1 | 1928.0 |
       Dungeon |   1928 |   1928 |      0 |   1328 |     27 |   1 | 1928.0 |
               +--------+--------+--------+--------+--------+-----+--------+

Top non-repeatable levels by time:
       D: 1928 daAuts
